 Dungeon Crawl Stone Soup version 0.25.1-2-g60ff931df9 (webtiles) character file.

Game seed: 18170039691679152929

126511 Fallenstar the Executioner (level 16, 0/132 HPs)
             Began as a Minotaur Fighter on Sept 4, 2020.
             Was the Champion of Okawaru.
             Slain by an eight-headed hydra (5 damage)
             ... called by a spriggan druid
             ... on level 2 of the Swamp on Sept 7, 2020.
             The game lasted 02:45:51 (32838 turns).

Fallenstar the Executioner (Minotaur Fighter)      Turns: 32838, Time: 02:45:51

Health: 0/132      AC: 32    Str: 35    XL:     16   Next: 44%
Magic:  17/17      EV: 12    Int:  5    God:    Okawaru [******]
Gold:   2367       SH: 13    Dex:  9    Spells: 15/15 levels left

rFire    + . .     SeeInvis +   P - +8 mithril axe "Arga" {speed, MR+}
rCold    . . .     Gourm    .   B - +1 buckler {AC+3}
rNeg     . . .     Faith    .   i - +5 plate armour
rPois    .         Spirit   .   D - +2 hat
rElec    .         Reflect  +   (no cloak)
rCorr    .         Harm     .   F - +1 pair of gloves
MR       ++...                  s - +0 pair of boots
Stlth    ..........             R - amulet of reflection
HPRegen  0.32/turn              j - ring of see invisible
MPRegen  0.15/turn              n - +6 ring of strength

@: lethally poisoned (0 -> -7), slowed, very slow
A: retaliatory headbutt, horns 2, repulsion field 1, deterioration 1, fire
resistance 1
a: Heroism, Finesse, Renounce Religion


You were on level 2 of the Swamp.
You worshipped Okawaru.
Okawaru was exalted by your worship.
You were hungry.

You visited 5 branches of the dungeon, and saw 26 of its levels.
You also visited: Gauntlet.

You collected 2367 gold pieces.

Inventory:

Hand Weapons
 x - a +8 hand axe of flaming
 P - the +8 mithril axe "Arga" (weapon) {speed, MR+}
   (Okawaru gifted it to you on level 13 of the Dungeon)

   Attacks with this weapon are significantly faster.
   It affects your resistance to hostile enchantments.
Armour
 h - +0 swamp dragon scales
 i - a +5 plate armour (worn)
 s - a +0 pair of boots (worn)
 B - a +1 buckler of protection (worn)
 D - a +2 hat (worn)
 F - a +1 pair of gloves (worn)
 I - a scarf of harm
Jewellery
 a - a +6 ring of strength
 j - a ring of see invisible (left hand)
 k - an uncursed amulet of guardian spirit
 n - a +6 ring of strength (right hand)
 R - an amulet of reflection (around neck)
Wands
 c - a wand of random effects (31)
 o - a wand of disintegration (8)
 t - a wand of polymorph (7)
 E - a wand of iceblast (8)
 G - a wand of enslavement (4)
 K - a wand of flame (9)
 M - a wand of clouds (6)
Scrolls
 b - 2 scrolls of enchant weapon
 d - 3 scrolls of amnesia
 g - 5 scrolls of remove curse
 p - 7 scrolls of teleportation
 q - 3 scrolls of identify
 r - 7 scrolls of magic mapping
 u - 6 scrolls of fog
 w - a scroll of vulnerability {unknown}
 y - 3 scrolls of blinking
Potions
 e - 2 potions of curing
 l - 3 potions of brilliance
 m - 3 potions of flight
 z - 2 potions of resistance
 A - 3 potions of mutation
 J - 3 potions of berserk rage
Miscellaneous
 v - a phial of floods
 C - a tin of tremorstones (3/3)
 H - a phial of floods
Comestibles
 f - 33 rations
 L - 11 chunks of flesh


   Skills:
 - Level 9.4 Fighting
 + Level 22.9 Axes
 + Level 17.7 Armour
 - Level 2.4 Dodging
 - Level 0.5 Stealth
 + Level 14.1 Shields
 - Level 3.8 Invocations


You had 15 spell levels left.
You didn't know any spells.
Your spell library contained the following spells:

 Spells                   Type           Power        Failure   Level  Hunger
 Animate Skeleton         Necr           N/A          90%         1    ##.....
 Apportation              Tloc           #.....       90%         1    ##.....
 Beastly Appendage        Tmut           #.....       90%         1    ##.....
 Corona                   Hex            #......      90%         1    ##.....
 Freeze                   Ice            #...         90%         1    ##.....
 Magic Dart               Conj           #...         90%         1    ##.....
 Shock                    Conj/Air       #...         90%         1    ##.....
 Summon Small Mammal      Summ           #...         90%         1    ##.....
 Call Imp                 Summ           #.......     97%         2    ###....
 Searing Ray              Conj           #.....       97%         2    ###....
 Sticks to Snakes         Tmut           #.......     97%         2    ###....
 Swiftness                Chrm/Air       #.......     97%         2    ###....
 Call Canine Familiar     Summ           #.......     99%         3    ####...
 Confusing Touch          Hex            #.......     99%         3    ####...
 Dazzling Flash           Conj/Hex       #.....       99%         3    ####...
 Frozen Ramparts          Ice            #.....       99%         3    ####...
 Gell's Gravitas          Tloc           #.........   99%         3    ####...
 Ozocubu's Armour         Chrm/Ice       #.......     99%         3    ####...
 Recall                   Summ/Tloc      N/A          99%         3    ####...
 Spider Form              Tmut/Pois      #.........   99%         3    ####...
 Static Discharge         Conj/Air       #.......     99%         3    ####...
 Summon Guardian Golem    Hex/Summ       #.......     99%         3    ####...
 Airstrike                Air            #.........   100%        4    #####..
 Fulminant Prism          Conj/Hex       #.........   100%        4    #####..
 Hailstorm                Conj/Ice       #.......     100%        4    #####..
 Ice Form                 Ice/Tmut       #.......     100%        4    #####..
 Iskenderun's Mystic Bla  Conj/Tloc      #.......     100%        4    #####..
 Petrify                  Tmut/Erth      #.......     100%        4    #####..
 Summon Ice Beast         Ice/Summ       #.......     100%        4    #####..
 Summon Lightning Spire   Summ/Air       #.......     100%        4    #####..
 Aura of Abjuration       Summ           #.........   100%        5    ######.
 Blade Hands              Tmut           #.........   100%        5    ######.
 Lightning Bolt           Conj/Air       #.........   100%        5    ######.
 Metabolic Englaciation   Hex/Ice        #.........   100%        5    ######.
 Summon Demon             Summ           #.........   100%        5    ######.
 Summon Forest            Summ/Tloc      #.........   100%        5    ######.
 Summon Mana Viper        Hex/Summ       #.......     100%        5    ######.
 Yara's Violent Unravell  Hex/Tmut       #.........   100%        5    ######.
 Shadow Creatures         Summ           N/A          100%        6    #######


Dungeon Overview and Level Annotations

Branches:
Dungeon (15/15)            Temple (1/1) D:4            Lair (6/6) D:11
  Swamp (1/4) Lair:2       Spider (0/4) Lair:2        Slime (0/5) Lair:6
    Orc (2/2) D:9             Elf (0/3) Orc:2        Vaults (0/5) D:14
 Depths (0/5) D:15        Gauntlet (visited)

Altars:
Ashenzari
Cheibriados
Dithmenos
Elyvilon
Fedhas
Gozag
Hepliaklqana
Kikubaaqudgha
Makhleb
Nemelex Xobeh
Okawaru
Qazlal
Ru
Sif Muna
Trog
Uskayaw
Vehumet
Wu Jian
Xom
Yredelemnul
Zin
Beogh
Jiyva

Shops:
D:4 (   D:10 :   D:13 }   Orc:2 :=(*

Portals:
Abyss: D:15
Trove: D:11 (show slimy rune of Zot)

Annotations:
D:10 1 runed translucent door
D:15 Oluczoom's ghost, journeyman GnFi
Lair:6 1 runed translucent door
Swamp:2 3 transporters


Innate Abilities, Weirdness & Mutations

You reflexively headbutt those who attack you in melee.
You have a pair of horns on your head.
You are surrounded by a mild repulsion field. (EV +2)
Your body sometimes deteriorates upon taking damage.
Your flesh is heat resistant. (rF+)


Message History

The spiny frog closely misses you.
You feel better. You block the spiny frog's attack. The swamp drake bites you!
* * * LOW HITPOINT WARNING * * *
You block the spiny frog's attack.
The swamp drake bites you but does no damage.
You feel better. The spiny frog closely misses you. You furiously retaliate!
You headbutt the spiny frog, but do no damage.
The spriggan rider throws a curare-tipped dart.
You reflect the curare-tipped dart off an invisible shield around you!
The curare-tipped dart misses the spriggan rider.
The swamp drake bites you.
* * * LOW HITPOINT WARNING * * *
The spiny frog stings you!
* * * LOW HITPOINT WARNING * * *
You are poisoned.
The spiny frog poisons you! The eight-headed hydra bites you!
* * * LOW HITPOINT WARNING * * *
The eight-headed hydra bites you but does no damage.
The eight-headed hydra bites you.
You die...

.#.≈≈.≈...≈≈..≈
.##.≈.≈...≈.≈...≈ ##
..#..!..≈....i≈....
# #.
f©.#...≈...≈.≈.....≈
.#i ....#..§
..≈....≈..≈.
#w#...©.##.≈.
....§.§.... w..#
#.... ≈.§≈≈...≈.
D.n#
#...≈.♣.D..≈.≈≈≈
..J..
....♣.@k≈..≈♣..
©.©.... ♣§.≈F.≈≈.§..
####...#
♣♣≈≈..≈.....
.©.##### ♣♣≈.≈§..≈§.
.... ♣♣.≈.≈.... ≈...
♣≈≈..≈.§≈ ≈.).≈.§♣.
♣≈^≈≈.♣.. ♣♣≈...≈≈≈


You could see an eight-headed hydra, a spriggan rider, a spiny frog and a swamp
drake.

Vanquished Creatures
  Jorgrun (D:14)
  Rupert (Orc:1)
  Gastronok (Lair:2)
  Nessos (D:14)
  A minotaur (Gauntlet)
  An ettin (D:15)
  A great orb of eyes (D:15)
  Snorg (D:14)
  A fire dragon (Lair:6)
  Harold (Lair:2)
  15 hydras
  2 vault guards
  A death knight (D:14)
  A shambling mangrove (Swamp:2)
  A centaur warrior (D:14)
  4 tengu warriors
  13 two-headed ogres
  11 alligators
  4 ogre magi (Orc:2)
  7 death yaks
  3 spriggans (Swamp:2)
  2 deep elf knights (D:15)
  2 fire crabs
  2 sixfirhies (Gauntlet)
  A spriggan druid (Swamp:2)
  3 wizards (D:14)
  An unseen horror (D:15)
  3 swamp dragons
  A lindwurm (Lair:6)
  Pikel (D:6)
  An orc knight (Orc:2)
  A manticore (D:13)
  3 ugly things
  2 deep elf magi
  An orc sorcerer (Orc:2)
  2 wolf spiders (Lair:2)
  13 black mambas
  2 cyclopes
  11 elephants
  18 spiny frogs
  2 torpor snails
  2 molten gargoyles (Lair:6)
  A gargoyle (D:13)
  3 centaur skeletons
  2 rime drakes
  11 komodo dragons
  8 trolls
  2 efreet (D:15)
  A hornet (shapeshifter) (D:14)
  2 polar bears
  A jumping spider (Lair:2)
  2 hornets
  A tyrant leech (Swamp:2)
  9 slime creatures
  11 blink frogs (Lair:6)
  7 bog bodies
  A blink frog (shapeshifter) (D:15)
  2 dream sheep (D:8)
  A redback (Lair:2)
  17 hippogriffs
  2 water elementals (D:12)
  A shadow (D:13)
  19 humans (D:14)
  7 wyverns
  A wraith (D:13)
  8 basilisks
  44 yaks
  A hungry ghost (D:15)
  2 fire bats (Gauntlet)
  2 steam dragons
  13 vampire mosquitoes
  2 swamp worms (Swamp:2)
  3 wargs
  2 soldier ants (D:13)
  4 hell hounds (Lair:6)
  14 water moccasins
  9 porcupines
  19 orc warriors
  2 swamp drakes (Swamp:1)
  4 sky beasts
  A slave (D:6)
  2 phantoms
  2 hornet zombies
  2 eyes of draining
  13 ice beasts
  3 black bears
  2 necrophages
  28 ogres
  5 wolves (Lair:3)
  10 centaurs
  8 crocodiles
  6 big kobolds
  19 bullfrogs
  A wyvern zombie (D:13)
  A water moccasin zombie (D:7)
  A gnoll sergeant (D:6)
  4 scorpions
  10 killer bees
  14 wights
  5 howler monkeys (D:9)
  7 electric eels
  2 bullfrog zombies (D:9)
  3 centaur zombies
  13 crimson imps
  5 hounds
  5 lava snakes (Lair:6)
  2 bullfrog skeletons
  6 jellies
  21 orc wizards
  A quasit (D:8)
  14 orc priests
  6 iguanas
  8 worker ants
  6 hell rats (Lair:5)
  2 hound skeletons
  A hound zombie (D:9)
  13 gnolls
  A howler monkey skeleton (D:10)
  7 adders
  3 shadow imps
  An ooze (D:1)
  An adder zombie (D:9)
  A worm (D:3)
  2 dart slugs
  6 leopard geckos
  77 orcs
  9 giant cockroaches
  8 goblins
  2 hobgoblins (D:1)
  A quokka (D:11)
  6 bats
  7 frilled lizards
  A jackal skeleton (D:4)
  22 kobolds
  2 quokka skeletons
  4 rats
  5 fungi
  4 plants
809 creatures vanquished.

Vanquished Creatures (others)
  2 humans (D:14)
  A crimson imp (D:6)
  2 fungi (Lair:6)
5 creatures vanquished.

Grand Total: 814 creatures vanquished

Notes
Turn   | Place    | Note
-------+----------+-------------------------------------------
     0 | D:1      | Fallenstar the Minotaur Fighter began the quest for the
                  | Orb.
     0 | D:1      | Reached XP level 1. HP: 19/19 MP: 0/0
   432 | D:1      | Reached XP level 2. HP: 16/27 MP: 1/1
  1106 | D:2      | Reached XP level 3. HP: 33/33 MP: 2/2
  1123 | D:2      | Reached skill level 3 in Axes
  1373 | D:2      | Reached XP level 4. HP: 28/40 MP: 3/3
  1374 | D:2      | Reached skill level 4 in Axes
  2060 | D:3      | Found an iron altar of Okawaru.
  2066 | D:3      | Became a worshipper of Warmaster Okawaru
  2100 | D:3      | Reached XP level 5. HP: 46/46 MP: 4/4
  2165 | D:3      | Reached skill level 5 in Axes
  2309 | D:3      | Found a hazy altar of Hepliaklqana.
  2311 | D:3      | Found a glowing silver altar of Zin.
  2837 | D:4      | Found Gaaca's Antique Weapon Shop.
  2842 | D:4      | Noticed an ogre
  2886 | D:3      | Killed an ogre
  2886 | D:3      | Reached skill level 5 in Armour
  2886 | D:3      | Reached XP level 6. HP: 6/53 MP: 5/5
  3330 | D:4      | Found a staircase to the Ecumenical Temple.
  3788 | D:4      | Reached skill level 1 in Dodging
  3925 | D:5      | Entered Level 5 of the Dungeon
  4088 | D:5      | Reached skill level 5 in Shields
  4140 | D:5      | Reached * piety under Okawaru
  4140 | D:5      | Reached skill level 6 in Axes
  4383 | D:5      | Reached XP level 7. HP: 57/60 MP: 6/6
  4998 | D:5      | Found a sacrificial altar of Ru.
  5295 | D:6      | Reached skill level 7 in Axes
  5304 | D:6      | Reached skill level 5 in Fighting
  5317 | D:6      | Reached XP level 8. HP: 43/68 MP: 7/7
  5330 | D:6      | Reached ** piety under Okawaru
  5505 | D:6      | Noticed Pikel
  5514 | D:6      | Killed Pikel
  5514 | D:6      | Reached skill level 9 in Axes
  5570 | D:6      | Reached *** piety under Okawaru
  5689 | D:6      | Found a shadowy altar of Dithmenos.
  5695 | D:6      | Found a snail-covered altar of Cheibriados.
  5695 | D:6      | Found a bloodstained altar of Trog.
  5698 | D:6      | Found a sparkling altar of Nemelex Xobeh.
  6332 | D:7      | Reached XP level 9. HP: 74/75 MP: 8/8
  6443 | D:7      | Found a shimmering blue altar of Sif Muna.
  6452 | D:7      | Reached skill level 10 in Axes
  7312 | D:8      | Reached **** piety under Okawaru
  7629 | D:8      | Noticed a two-headed ogre
  7640 | D:8      | Killed a two-headed ogre
  7640 | D:8      | Reached ***** piety under Okawaru
  7640 | D:8      | Reached skill level 11 in Axes
  7640 | D:8      | Reached XP level 10. HP: 44/88 MP: 9/9
  7955 | D:8      | Received a gift from Okawaru
  8029 | D:8      | Noticed a three-headed hydra
  8046 | D:8      | Killed a one-headed hydra
  8046 | D:8      | Reached skill level 12 in Axes
  8554 | D:9      | Reached skill level 10 in Armour
  8826 | D:9      | Found a staircase to the Orcish Mines.
  8957 | D:9      | Noticed a two-headed ogre
  8970 | D:9      | Killed a two-headed ogre
  8970 | D:9      | Reached skill level 13 in Axes
  9030 | D:9      | Reached XP level 11. HP: 79/95 MP: 10/10
  9400 | D:9      | Found a roughly hewn altar of Beogh.
  9525 | D:10     | Entered Level 10 of the Dungeon
  9525 | D:10     | Noticed a two-headed ogre
  9542 | D:9      | Killed a two-headed ogre
  9694 | D:10     | Found a white marble altar of Elyvilon.
  9980 | D:10     | Found a runed translucent door.
 10113 | D:10     | Reached skill level 14 in Axes
 10231 | D:10     | Found Pid Otz's Book Shop.
 10466 | D:10     | Found a basalt altar of Yredelemnul.
 10558 | D:11     | Found the +3 salamander hide armour {+Rage rF++}
 10610 | D:11     | Received a gift from Okawaru
 10628 | D:11     | Got a jet-encrusted scale mail {god gift}
 10629 | D:11     | Identified the +1 scale mail "Guroy" {rC+++ Str+5 Int+2}
                  | (Okawaru gifted it to you on level 11 of the Dungeon)
 10733 | D:11     | Found a staircase to the Lair.
 11102 | Temple   | Entered the Ecumenical Temple
 11982 | D:11     | Noticed a vault guard
 11991 | D:11     | Killed a vault guard
 12004 | D:11     | Found a portal to a secret trove of treasure.
 12070 | Lair:1   | Entered Level 1 of the Lair of Beasts
 12234 | Lair:1   | Got a turquoise-encrusted leather armour
 12459 | Lair:1   | Identified the +1 leather armour of Blue Leaves {rC+ rN+
                  | Int-4} (You found it on level 1 of the Lair of Beasts)
 12578 | Lair:1   | Reached ****** piety under Okawaru
 12595 | Lair:1   | Reached XP level 12. HP: 59/105 MP: 11/11
 12802 | Lair:1   | Noticed a seven-headed hydra
 12809 | Lair:1   | Killed a four-headed hydra
 13331 | Lair:1   | Received a gift from Okawaru
 14683 | Lair:2   | Noticed a five-headed hydra
 14694 | Lair:2   | Killed a one-headed hydra
 14694 | Lair:2   | Reached skill level 1 in Invocations
 14919 | Lair:2   | Reached skill level 15 in Armour
 15182 | Lair:2   | Found a hole to the Spider Nest.
 15269 | Lair:2   | Found a staircase to the Swamp.
 15671 | Lair:2   | Found the +8 whip "Snakebite" {curare, rPois}
 15786 | Lair:2   | Noticed Harold
 15802 | Lair:2   | Killed Harold
 15802 | Lair:2   | Received a gift from Okawaru
 15803 | Lair:2   | Got a crude arbalest {god gift}
 16090 | Lair:2   | Noticed Gastronok
 16103 | Lair:2   | Killed Gastronok
 16103 | Lair:2   | Reached skill level 15 in Axes
 16555 | D:12     | Reached skill level 10 in Shields
 16689 | D:12     | Noticed a four-headed hydra
 16700 | D:12     | Killed a one-headed hydra
 16700 | D:12     | Reached XP level 13. HP: 107/111 MP: 14/14
 17176 | D:12     | Received a gift from Okawaru
 17191 | D:12     | Got a fine arbalest {god gift}
 17534 | D:12     | Reached skill level 16 in Axes
 18906 | D:13     | Got a masterwork ring mail
 19098 | D:13     | Found Wafapliw's Gadget Shop.
 19239 | D:13     | Received a gift from Okawaru
 19240 | D:13     | Found the +8 mithril axe "Arga" {speed, MR+}
 19324 | D:14     | Reached skill level 17 in Axes
 20192 | D:13     | Identified the cursed +0 ring mail "Ruosseimun" {MR+ Int+3}
                  | (You found it on level 13 of the Dungeon)
 20463 | D:14     | Reached skill level 18 in Axes
 20583 | D:14     | Noticed Snorg
 20596 | D:14     | Killed Snorg
 20628 | D:14     | Received a gift from Okawaru
 20633 | D:14     | Identified the +10 arbalest "Bocky" {elec, rN++} (Okawaru
                  | gifted it to you on level 2 of the Lair of Beasts)
 20634 | D:14     | Identified the +0 arbalest of Alliureu {venom, rElec rC+
                  | Int-4} (Okawaru gifted it to you on level 12 of the
                  | Dungeon)
 20785 | D:14     | Found a gate to the Vaults.
 20799 | D:14     | Reached XP level 14. HP: 113/118 MP: 15/15
 20959 | D:14     | Found a blossoming altar of Fedhas.
 20960 | D:14     | Noticed Nessos
 20964 | D:14     | Reached skill level 19 in Axes
 20973 | D:14     | Killed Nessos
 21043 | D:14     | Noticed Jorgrun
 21060 | D:14     | Killed Jorgrun
 21060 | D:14     | Received a gift from Okawaru
 21061 | D:14     | Got a pitted broad axe {god gift}
 21289 | D:14     | Identified the +8 broad axe of Superiority {antimagic, rN++
                  | Int-4 Dex+3} (Okawaru gifted it to you on level 14 of the
                  | Dungeon)
 21720 | D:15     | Entered Level 15 of the Dungeon
 22566 | D:15     | Found a staircase to the Depths.
 22663 | D:15     | Found a transporter.
 22667 | D:15     | Identified the +4 great mace of Wisdom {distort, rElec
                  | rPois Int+3 SInv}
 22677 | D:15     | Found a transporter.
 22683 | D:15     | Reached skill level 20 in Axes
 22687 | D:15     | Noticed Oluczoom's ghost (journeyman GnFi)
 22702 | D:15     | Received a gift from Okawaru
 22736 | D:15     | Found a one-way gate to the infinite horrors of the Abyss.
 22937 | D:15     | Found an iron altar of Okawaru.
 23401 | Lair:3   | Found a gate leading to a gauntlet.
 23419 | Gauntlet | Entered a Gauntlet
 23419 | Gauntlet | Found a transporter.
 23419 | Gauntlet | Found a runed translucent door.
 23420 | Gauntlet | Found a runed translucent door.
 23424 | Gauntlet | Found a transporter.
 23429 | Gauntlet | Found a transporter.
 23438 | Gauntlet | Found a transporter.
 23440 | Gauntlet | Found a transporter.
 23449 | Gauntlet | Found a transporter.
 23465 | Gauntlet | Found a transporter.
 23475 | Gauntlet | Found a transporter.
 23488 | Gauntlet | Found a transporter.
 23500 | Gauntlet | Found a transporter.
 23515 | Gauntlet | Found a transporter.
 23515 | Gauntlet | Found a transporter.
 23580 | Gauntlet | Found a transporter.
 23583 | Gauntlet | Found a transporter.
 23933 | Gauntlet | Identified the +10 rapier of Qazlal {vorpal, Dex+2}
 23933 | Gauntlet | Identified the cursed +3 longbow "Sugeem" {venom, rN+ MR-
                  | SInv}
 23946 | Gauntlet | Got a heavily runed ring mail
 24472 | Lair:4   | Received a gift from Okawaru
 24481 | Lair:4   | Identified the cursed +0 ring mail of Ynimeej {rF+ Str-3
                  | Dex+2} (You found it in a Gauntlet)
 25599 | Lair:5   | Reached skill level 21 in Axes
 25811 | Lair:5   | Received a gift from Okawaru
 25814 | Lair:5   | Reached XP level 15. HP: 79/125 MP: 16/16
 26523 | Lair:6   | Entered Level 6 of the Lair of Beasts
 26746 | Lair:6   | Received a gift from Okawaru
 27257 | Lair:6   | Found a runed translucent door.
 27257 | Lair:6   | Found a viscous altar of Jiyva.
 27258 | Lair:6   | Found a staircase to the Slime Pits.
 27975 | Lair:6   | Found a large runed translucent door.
 27979 | Lair:6   | Received a gift from Okawaru
 27979 | Lair:6   | Reached skill level 22 in Axes
 27980 | Lair:6   | Got a warped battleaxe {god gift}
 28487 | Lair:6   | Found a large runed translucent door.
 28927 | Lair:6   | Identified the +2 battleaxe "Concordance" {vorpal, rC+
                  | Str+3} (Okawaru gifted it to you on level 6 of the Lair of
                  | Beasts)
 28941 | Lair:6   | Gained mutation: Your flesh is heat resistant. (rF+)
                  | [potion of mutation]
 28941 | Lair:6   | Gained mutation: Your body sometimes deteriorates upon
                  | taking damage. [potion of mutation]
 28941 | Lair:6   | Gained mutation: You are surrounded by a mild repulsion
                  | field. (EV +2) [potion of mutation]
 29171 | Orc:1    | Entered Level 1 of the Orcish Mines
 29350 | Orc:2    | Entered Level 2 of the Orcish Mines
 29355 | Orc:2    | Noticed Rupert
 29379 | Orc:1    | Killed Rupert
 29616 | Orc:1    | Received a gift from Okawaru
 29748 | Orc:1    | Reached XP level 16. HP: 88/132 MP: 17/17
 30210 | Orc:2    | Found Akleuse's Weapon Shoppe.
 30210 | Orc:2    | Found Eguril's Book Shop.
 30211 | Orc:2    | Found Ytusm's General Store.
 30211 | Orc:2    | Found Tient's Jewellery Shoppe.
 30350 | Orc:2    | Found a staircase to the Elven Halls.
 31495 | Swamp:1  | Entered Level 1 of the Swamp
 32672 | Swamp:1  | You fall into a shaft and drop 1 floor!
 32672 | Swamp:2  | Found a transporter.
 32672 | Swamp:2  | Found a transporter.
 32672 | Swamp:2  | Found a transporter.
 32673 | Swamp:2  | Noticed a thorn hunter
 32683 | Swamp:2  | Received a gift from Okawaru
 32838 | Swamp:2  | HP: 5/132 [eight-headed hydra[a spriggan druid] (11)]
 32838 | Swamp:2  | Slain by an eight-headed hydra

Illustrated notes

Levels and vault maps discovered:
D:1:      elethiomel_arrival_quiet, layout_basic, grunt_decor_cap
D:2:      layout_basic, first_ration, fountainhead, minmay_worlds_worst_comb
D:3:      lemuel_upstairs_altar, layout_loops_cross,
          nicolae_overflow_crystal_walls, nicolae_overflow_hidden_temple
D:4:      layout_gridville, minmay_temple_entry_statues, serial_shops,
          nicolae_shop_behind_doors
D:5:      layout_layer_cave, basic_altar
D:6:      layout_gridville, grunt_temple_overflow_open, uniq_pikel
D:7:      layout_basic, basic_altar
D:8:      layout_gridville, hangedman_ranch [blue_anna_fruit_fields],
          sigmund_army
D:9:      layout_basic, minmay_orc_entry_temple_small
D:10:     layout_big_octagon, serial_shops, shop, basic_altar,
          dk_yredelemnul_ordeal
D:11:     layout_stronghold, erik_lair_orcish_takeover, enter_trove_5,
          serial_column_ruins, column_ruins_hut_ruined, column_ruins_hut_ruined,
          column_ruins_corridor_straight, column_ruins_corridor_straight,
          column_ruins_columns_straight, column_ruins_grid_2
D:12:     kennysheep_spiral_hall, layout_small_grid, kennysheep_boxes
D:13:     layout_layer_cave, serial_shops, shop
D:14:     layout_roguey, grunt_vaults_entry_tiered, minmay_misc_feat_diagonals,
          fedhas_altar_2, uniq_snorg, uniq_jorgrun, uniq_nessos
D:15:     hangedman_depths_entry_civil_slaughter, layout_basic,
          old_standard_altar, gammafunk_ghost_abyssal_escape,
          minmay_misc_feat_encased, st_stairs_6
Temple:   nicolae_temple_figure_eight
Lair:1:   layout_regular_city, serial_bayou_pond_b, minmay_shattered_shrine
Lair:2:   minmay_guarded_unrand_snakebite, layout_regular_city,
          skrybe_swamp_entry_bodies, spider_nest_entry_funnel_web,
          serial_bayou_pond_a, uniq_harold, uniq_gastronok
Lair:3:   layout_big_grid, gauntlet_entry_generic, grunt_megastairs_1
Lair:4:   layout_hall_layers
Lair:5:   layout_long_grid
Lair:6:   cheibrodos_lair_end_hotspot, layout_cave_pods, slime_altar_2,
          portal_ice_cave_entry_ice_beasts, lemuel_fruit_tree
Swamp:1:  layout_basic_swamp, serial_swamp_ruin, evilmike_swamp_ruin_rubble_1,
          evilmike_swamp_ruin_house_4, swamp_pool4, hangedman_swamp_pad
Swamp:2:  gammafunk_the_bubble [the_bubble_gammafunk_roulette],
          layout_basic_swamp, infiniplex_staircase_pool, uniq_kirke
Orc:1:    layout_caves
Orc:2:    st_orc_ogre_mass, layout_caves, rock_pile, uniq_rupert

Skill      XL: |  1  2  3  4  5  6  7  8  9 10 11 12 13 14 15 16 |
---------------+-------------------------------------------------+-----
Armour         | 4 5 6 7 9 10 13 15 16 17 | 17.7
Fighting       | 4 5 6 7 8 9 |  9.4
Shields        | 4 5 6 8 9 10 11 13 14 | 14.1
Axes           | 3 4 5 6 7 9 11 13 14 15 18 21 22 | 22.9
Dodging        | 1 2 |  2.4
Invocations    | 3 |  3.8
Stealth        | |  0.5

Action                   |  1- 3 |  4- 6 |  7- 9 | 10-12 | 13-15 | 16-18 || total
-------------------------+-------+-------+-------+-------+-------+-------++-------
Melee: War axe           |    73 |   123 |   242 |   590 |   235 |       ||  1263
       Headbutt          |     9 |    18 |    50 |   156 |   270 |    60 ||   563
       Hand axe          |       |       |       |    25 |    56 |    30 ||   111
       Broad axe         |       |       |       |       |   807 |   195 ||  1002
Invok: Heroism           |       |       |       |       |     1 |       ||     1
       Finesse           |       |       |       |       |     1 |       ||     1
  Use: Potion            |       |     7 |     7 |     5 |    13 |     7 ||    39
       Scroll            |       |    10 |     4 |    16 |    17 |    12 ||    59
 Stab: Invisible         |       |       |       |     1 |     7 |       ||     8
  Eat: Chunk             |     2 |     2 |     1 |     6 |    10 |       ||    21
       Ration            |       |     2 |     3 |     7 |    10 |     2 ||    24
Armor: Scale mail        |    27 |    24 |     5 |       |       |       ||    56
       Plate armour      |       |       |    97 |   298 |   355 |   106 ||   856
Dodge: Dodged            |    27 |    42 |    67 |   201 |   243 |    78 ||   658
Block: Kite shield       |    33 |    74 |   153 |    24 |       |       ||   284
       Buckler           |       |       |       |   154 |   320 |   108 ||   582
       Reflection        |       |       |       |       |     6 |     9 ||    15
